sim, chaotic male elven Wizard - -- |.--------.- ........%.. -......>.- |....W.. |...h@| --. --- -- sim the Conjurer Experience level: 4 Strength: 12 Dexterity: 12 Constitution: 13 Intelligence: 18 Wisdom: 8 Charisma: 13 Health: 0(28) Energy: 24(33) Def: 1 Gold: 499 Moves: 1694 Dungeon seed: DbTKQQZsPmH3pl0j Game ID: sim_1443143738 Your Inventory: Coins $ - 499 gold pieces Weapons a - a blessed +1 quarterstaff (weapon in hands) t - a +0 elven dagger Armor e - an uncursed +0 cloak of magic resistance (being worn) Comestibles p - 3 uncursed food rations Scrolls i - a blessed scroll of enchant armor j - a blessed scroll of enchant weapon o - an uncursed scroll of confuse monster y - a cursed scroll of light z - 2 uncursed scrolls of identify Spellbooks l - a blessed spellbook of force bolt m - an uncursed spellbook of light Potions f - an uncursed potion of see invisible g - an uncursed potion of water h - an uncursed potion of gain level s - an uncursed potion of extra healing B - a cursed potion of oil Rings c - an uncursed +1 ring of increase damage (on left hand) d - an uncursed ring of poison resistance (on right hand) Wands b - a wand of light (0:15) w - a wand of cancellation (0:6) Tools k - an uncursed skeleton key n - an uncursed leather drum P - an uncursed towel Gems r - an uncursed worthless piece of blue glass Spells and supernatural/magical abilities: Name Level Category Fail Memory a - force bolt 1 attack 0% 92% l - light 1 divination 0% 92% W - pray for help -- divine ? -- Your skills at the end: Fighting Skills Weapon Skills quarterstaff [Basic] Spellcasting Skills attack spells [Basic] enchantment spells [Basic] Final Attributes: You were piously aligned. You were sleep resistant. You were poison resistant. You were magic-protected. You had infravision. You had a +1 damage bonus. You are dead. Vanquished creatures: 2 giant bats an orc zombie 2 gas spores a hobbit a giant rat 2 cave spiders a gnome 2 garter snakes 3 geckos 10 jackals a fox a kobold 2 goblins 4 lichens 6 newts 39 creatures vanquished. Voluntary challenges: You used a wielded weapon 26 times, starting on turn 112. You read items or engraved 1 time, starting on turn 1108. You never genocided any monsters. You never polymorphed an object. You never changed form. You used no wishes. You never split a pudding. You wrote Elbereth's name 1 time, starting on turn 1108. You never violated your personal moral code. Dungeon overview: The Dungeons of Doom: levels 1 to 6 Level 1 a long staircase Level 2 an altar to Anhur Level 3 an altar to Anhur, some fountains stairs to The Gnomish Mines Level 4 a fountain Level 5 Level 6 The Gnomish Mines: Level 4 <- You were here stairs to The Dungeons of Doom History has recorded: On T:1 you entered the Dungeons of Doom to retrieve the Amulet of Yendor! On T:169 you reached level 2 of The Dungeons of Doom. On T:432 you reached level 3 of The Dungeons of Doom. On T:586 you advanced to experience level 2. On T:605 you reached level 4 of The Dungeons of Doom. On T:975 you reached level 5 of The Dungeons of Doom. On T:1207 you advanced to experience level 3. On T:1425 you reached level 6 of The Dungeons of Doom. On T:1515 you advanced to experience level 4. On T:1693 you reached level 1 of The Gnomish Mines. Score breakdown: Gold: 499 ( 9180 points) Experience: 4 levels ( 9649 points) Exploration: 6 levels ( 12.24%) ( 9682 points) Discoveries: 0 items ( 0.00%) ( 0 points) Valuables value: (no points given unless you survive) Artifact value: 0 ( 0 points) Variety of kills: 15 monsters ( 3.94%) ( 5952 points) Turncount: 1694 turns ( 0 points) Survival: died (score multiplied by 80%) Total score: 27570 Latest messages: Pick an object. Never mind. An emerald potion shatters! You smell a peculiar odor... The spell misses MarvinPA's ghost. MarvinPA's ghost touches you! The dwarf lord thrusts his dagger. The dwarf lord hits! The dwarf lord thrusts his dagger. The dwarf lord hits! You die... Final status: Goodbye sim the Wizard, killed by a dwarf lord... You died in The Gnomish Mines on dungeon level 4 with 27570 points, and 499 pieces of gold, after 1694 moves. You were level 4 with a maximum of 28 hit points when you died.